 Dungeon Crawl Stone Soup version 0.29.1-13-g9f3cf754e1 (webtiles) character file.

Game seed: 6011124336631613274

179 javelincjr the Digger (level 5, -6/38 HPs)
             Began as a Draconian Earth Elementalist on Jan 25, 2023.
             Constricted to death by Dowan (7 damage)
             ... on level 4 of the Dungeon.
             The game lasted 00:10:07 (3425 turns).

javelincjr the Digger (DrEE)                        Turns: 3425, Time: 00:10:07

Health: -6/38      AC:  5    Str: 11    XL:     5   Next: 33%
Magic:  10/10      EV:  9    Int: 17    God:
Gold:   131        SH:  0    Dex: 11    Spells: 8/11 levels left

rFire   . . .      SeeInvis +   n - +0 dagger (venom)
rCold   . . .      Faith    .   (no shield)
rNeg    . . .      Spirit   .   (body armour unavailable)
rPois   .          Reflect  .   (helmet restricted)
rElec   .          Harm     .   (no cloak)
rCorr   .          Rampage  .   (no gloves)
Will    .....                   (no boots)
Stlth   +.........              (no amulet)
HPRegen 0.12/turn               k - ring of see invisible
MPRegen 0.12/turn               (no ring)

@: silenced, grasped by roots, constricted
A: AC +5, unfitting armour, cold-blooded
a: no special abilities


You were on level 4 of the Dungeon.
You visited 1 branch of the dungeon, and saw 4 of its levels.

You collected 131 gold pieces.

Inventory:

Hand Weapons
 d - a +0 dagger
 i - a +0 rapier
 n - a +0 dagger of venom (weapon)
Jewellery
 k - a ring of see invisible (left hand)
Scrolls
 b - a scroll of silence
 e - 4 scrolls of identify {unknown}
 g - 2 scrolls of blinking {unknown}
 j - 5 scrolls of teleportation {unknown}
 l - 4 scrolls of enchant armour {unknown}
 p - a scroll of noise {unknown}
 s - 2 scrolls of enchant weapon {unknown}
 t - a scroll of fear {unknown}
Potions
 a - a potion of magic
 c - a potion of mutation {unknown}
 f - a potion of might {unknown}
 h - a potion of flight {unknown}
 m - a potion of heal wounds {unknown}
 o - a potion of curing {unknown}
 q - a potion of degeneration {unknown}
 r - a potion of brilliance {unknown}


   Skills:
 + Level 0.2 Fighting
 + Level 0.9 Short Blades
 + Level 2.1 Dodging
 + Level 2.1 Stealth
 + Level 3.8 Spellcasting
 + Level 1.2 Transmutations
 + Level 4.2 Earth Magic


You had 8 spell levels left.
You knew the following spells:

 Your Spells              Type           Power      Damage    Failure   Level
a - Sandblast             Erth           34%        2d9       2%          1
b - Passwall              Tmut/Erth      10%        N/A       8%          2

Your spell library contained the following spells:

 Spells                   Type           Power      Damage    Failure   Level
 Necrotise                Necr           12%        1d4       16%         1
 Stone Arrow              Conj/Erth      20%        3d8       21%         3
 Vampiric Draining        Necr           3%         2d6       43%         3
 Petrify                  Tmut/Erth      12%        N/A       45%         4
 Agony                    Necr           3%         N/A       99%         5
 Lehudib's Crystal Spear  Conj/Erth      5%         10d3      100%        8
 Animate Armour           Summ/Erth      Unusable   N/A       N/A         4

Dungeon Overview and Level Annotations

Branches:
Dungeon (4/15)
 Temple: D:4-7

Altars:
Xom

Annotations:
D:4 Dowan, Duvessa


Innate Abilities, Weirdness & Mutations

Your plain brown scales are hard. (AC +5)
You cannot fit into any form of body armour.
You are cold-blooded and may be slowed by cold attacks.


Message History

Magic scrolls do not work when you're silenced!
You see here 8 stones.
Duvessa, Sister of Dowan comes into view.
She is wielding a +0 rapier.
Dowan, Brother of Duvessa comes into view.
He is wielding a +0 dagger, wearing a +2 robe of willpower and carrying a wand of roots (7).
Dowan points at Duvessa and mumbles some strange words.
Duvessa seems to speed up.
You see here 8 stones.
You hit Duvessa.
Duvessa is poisoned.
Duvessa is lightly wounded.
Duvessa hits you with a +0 rapier!
You hit Duvessa but do no damage.
Duvessa is lightly wounded.
Duvessa hits you with a +0 rapier! Duvessa barely misses you.
You hit Duvessa but do no damage.
Duvessa is lightly wounded.
Duvessa misses you.
You hit Duvessa but do no damage.
You tail-slap Duvessa, but do no damage.
Duvessa is lightly wounded.
Duvessa misses you. Duvessa closely misses you.
You hit Duvessa.
Duvessa looks as sick as possible!
Duvessa is lightly wounded.
Dowan zaps a wand.
The roots erupt in riotous growth!
Duvessa is unaffected.
The grasping roots grab you! The grasping roots constrict you.
Duvessa hits you with a +0 rapier.
You hit Duvessa but do no damage.
Duvessa looks as sick as possible!
Duvessa is moderately wounded.
Duvessa barely misses you. The grasping roots constrict you.
Duvessa closely misses you.
You hit Duvessa but do no damage.
Duvessa looks as sick as possible!
Duvessa is moderately wounded.
The grasping roots constrict you.
* * * LOW HITPOINT WARNING * * *
Duvessa completely misses you.
You hit Duvessa but do no damage.
Duvessa looks as sick as possible!
Duvessa is heavily wounded.
Duvessa hits you with a +0 rapier!
* * * LOW HITPOINT WARNING * * *
The grasping roots constrict you!
You die...

.#.# .# #### .#.# #^#
....#.#.# #.# #.##).#.# #.#
#.##.##.# #.# #.##.##.# #.#
##############.##.##.#####.#
.........(ee@............>.#
##############.##.##.#.##..##
#.##.##.#.##....
#.##.##.#.##.###
#.##.##.#.##.#
.).[.##.#....###
#.#####.#.#..... #.#
#...#)#### ..#)


You could see Duvessa (fast, extremely poisoned) and Dowan.

Vanquished Creatures
  A gnoll bouda (D:4)
  Robin (D:3)
  4 gnolls (D:4)
  3 adders
  A worm (D:2)
  A dart slug (D:1)
  4 bats
  4 endoplasms
  3 giant cockroaches
  11 goblins
  12 hobgoblins
  4 kobolds
  5 quokkas
  6 ball pythons
  A frilled lizard (D:1)
  5 rats
66 creatures vanquished.

Notes
Turn   | Place    | Note
-------+----------+-------------------------------------------
     0 | D:1      | javelincjr the Draconian Earth Elementalist began the quest
                  | for the Orb.
     0 | D:1      | Reached XP level 1. HP: 14/14 MP: 3/3
   299 | D:1      | Reached XP level 2. HP: 20/20 MP: 0/5
   371 | D:1      | Learned a level 2 spell: Passwall
  1348 | D:2      | Found a faded altar of an unknown god.
  1379 | D:2      | Reached XP level 3. HP: 26/26 MP: 3/6
  1693 | D:2      | Identified the +0 leather armour "Nehetuc" {Str+2}
  1860 | D:2      | Found a shimmering altar of Xom.
  2236 | D:3      | Reached XP level 4. HP: 25/33 MP: 8/8
  2377 | D:3      | Found the +4 Cigotuvi's embrace {rMiasma Drain rN+}
  2415 | D:3      | Noticed Robin
  2435 | D:3      | Killed Robin
  2436 | D:3      | Reached skill level 4 in Earth Magic
  2670 | D:3      | Found the +0 staff of Battle
  2899 | D:3      | Found a shimmering altar of Xom.
  3068 | D:4      | Reached XP level 5. HP: 38/38 MP: 3/10
  3411 | D:4      | Noticed Duvessa
  3412 | D:4      | Noticed Dowan
  3425 | D:4      | HP: 1/38 [Duvessa/+0 rapier (9)]
  3425 | D:4      | Constricted to death by Dowan

Illustrated notes

Levels and vault maps discovered:
D:1:      dpeg_chamrin_arrival_tetris, layout_loops_ring, minivault_14
D:2:      layout_rooms, basic_altar, nicolae_ecumenical_pavilion,
          due_unseen_surprise
D:3:      layout_loops_ring, tgw_xom, dk_noncrumbling_3, uniq_robin
D:4:      layout_basic, nzn_hepliaklqana_mist_gate, nicolae_ossuary_entry_plus,
          minmay_a_box_with_orc_wizards_in_it, uniq_duvessa, uniq_menkaure

Skill      XL: |  1  2  3  4  5 |
---------------+----------------+-----
Stealth        | 2 |  2.1
Spellcasting   | 3 |  3.8
Earth Magic    | 4 |  4.2
Dodging        | 2 |  2.1
Fighting       | |  0.2
Short Blades   | |  0.9
Transmutations | |  1.2

Action                   |  1- 3 |  4- 6 || total
-------------------------+-------+-------++-------
Melee: Dagger            |    15 |    26 ||    41
       Unarmed           |     4 |       ||     4
       Rapier            |    17 |       ||    17
       Tailslap          |     2 |     2 ||     4
       Punch             |     2 |     1 ||     3
 Cast: Sandblast         |    51 |    35 ||    86
       Passwall          |     2 |       ||     2
  Use: Scroll            |       |     1 ||     1
 Stab: Sleeping          |     1 |       ||     1
Armor: Skin              |    10 |     3 ||    13
Dodge: Dodged            |    31 |    25 ||    56
